[Event "Team 45 45 League T31"]
[Site "Internet Chess Club"]
[Date "2006.07.08"]
[Round "3"]
[White "WilmaP"]
[Black "Tom45"]
[Result "0-1"]
[WhiteElo "1198"]
[BlackElo "1196"]
[TimeControl "2700+45"]

1. e4 e5 2. Bc4 Nf6 3. d4 Bb4+ 4. c3 Bd6 5. Nd2 Nc6 6. Ngf3 O-O 7. O-O Qe7 8.
Re1 a6 9. Nf1 h6 10. b4 b5 11. Bb3 a5 12. d5 Nd8 13. Nh4 c6 14. Nf5 Qe8 15. Nxd6
Qe7 16. Nxc8 Rxc8 17. d6 Qe8 18. Qf3 a4 19. Bc2 Nb7 20. Rd1 Qe6 21. Qg3 g5 22.
h4 Qg4 23. Qxe5 Kg7 24. c4 Rce8 25. Qd4 Qxh4 26. Bb2 Re6 27. Re1 Rfe8 28. e5
Qxd4 29. Bxd4 Nh5 30. Ng3 Nxg3 31. fxg3 h5 32. a3 bxc4 33. Bf5 Rh6 34. Bxd7 Rd8
35. e6+ f6 36. e7 Rhh8 37. Rf1 Rxd7 38. Bxf6+ Kh7 39. Bxh8 Nxd6 40. Rae1 Kxh8
41. Rf8+ Kg7 42. Rf2 c3 43. Rc2 Kf7 44. Rxc3 Rxe7 45. Rxe7+ Kxe7 46. Rxc6 Ne4
47. Rc7+ Kd6 48. Rh7 Nxg3 49. Rh6+ Kc7 50. Rg6 Ne2+ 51. Kf2 Nc3 52. Rxg5 Ne4+
53. Kf3 Nxg5+ 54. Kg3 Ne4+ 55. Kf4 Nc3 56. Kg5 Nb5 57. Kxh5 Nxa3 58. g4 Nc4 59.
g5 Ne5 60. b5 a3 61. Kh4 a2 62. Kg3 a1=Q 63. Kf4 Kd6 64. b6 Qb1 65. b7 Qxb7
{White resigns} 0-1  aics%

[Event "Team 45 45 League T31"]
[Site "Internet Chess Club"]
[Date "2006.07.08"]
[Round "3"]
[White "rgadoury"]
[Black "Mutaant"]
[Result "0-1"]
[WhiteElo "1336"]
[BlackElo "1481"]
[TimeControl "2700+45"]

1. e4 Nf6 2. Nc3 e5 3. Nf3 Nc6 4. Bc4 h6 5. d3 Bb4 6. O-O d6 7. Bd2 Bg4 8. h3
Bh5 9. a3 Bc5 10. b4 Bb6 11. Rb1 Qd7 12. Nd5 Qd8 13. Nxf6+ Qxf6 14. g4 Bg6 15.
Be3 Bxe3 16. fxe3 O-O 17. Nd4 Qh4 18. Nxc6 Qg3+ 19. Kh1 Qxh3+ 20. Kg1 Qxe3+ 21.
Rf2 bxc6 22. Qf3 Qb6 23. Rf1 Kh8 24. Kg2 f6 25. Qh3 Rfd8 26. Rxf6 Bh7 27. R6f3
d5 28. exd5 cxd5 29. Bxd5 Rxd5 30. Rf8+ Rxf8 31. Rxf8+ Bg8 32. g5 Qd6 33. Qc8
Kh7 34. Rxg8 Qc6 35. Kg3 Rd6 36. Rh8+ Kg6 37. gxh6 Rf6 38. Qg4+ Kf7 39. Qxg7+
Ke6 40. Rf8 Qf3+ 41. Kh2 Rxf8 42. Qg6+ Qf6 {White resigns} 0-1  aics%

[Event "Team 45 45 League T31"]
[Site "Internet Chess Club"]
[Date "2006.07.09"]
[Round "3"]
[White "klassact"]
[Black "schweppz"]
[Result "1-0"]
[WhiteElo "1318"]
[BlackElo "1326"]
[TimeControl "2700+45"]

1. e4 d5 2. exd5 Nf6 3. Nf3 g6 4. Nc3 Bg7 5. Bc4 O-O 6. O-O Bd7 7. d4 c6 8. Ne5
cxd5 9. Nxd5 Nxd5 10. Bxd5 Bc6 11. Nxc6 Nxc6 12. Bxc6 bxc6 13. c3 Rb8 14. b4 Rb5
15. Re1 e6 16. Qf3 Qc7 17. Bd2 a5 18. a3 axb4 19. axb4 Rh5 20. h3 e5 21. Be3
exd4 22. Bxd4 Bxd4 23. cxd4 Qd6 24. Ra5 Rxa5 25. bxa5 Qb4 26. Rc1 Qxd4 27. Qxc6
Qb2 28. a6 Qa3 29. Rc2 Rd8 30. g3 Qa5 31. Qb7 Qe1+ 32. Kg2 Rd1 33. Qc8+ Kg7 34.
Qc3+ Qxc3 35. Rxc3 Ra1 36. Rc6 h5 37. g4 hxg4 38. hxg4 Kf8 39. Kf3 Ke7 40. g5
Ra3+ 41. Ke4 Kd7 42. Rf6 Kc8 43. f4 Kb8 44. Kd5 Ka7 45. Kc5 Rxa6 46. Rxa6+ Kxa6
47. Kd6 Kb5 48. Ke7 Kc4 49. Kxf7 Kd4 50. Kxg6 Ke4 51. Kf7 Kf5 52. g6 {Black
resigns} 1-0  aics%

[Event "Team 45 45 League T31"]
[Site "Internet Chess Club"]
[Date "2006.07.08"]
[Round "3"]
[White "JimGaming"]
[Black "gilalva"]
[Result "1-0"]
[WhiteElo "1300"]
[BlackElo "1150"]
[TimeControl "2700+45"]

1. e4 e5 2. Nf3 Nc6 3. Bb5 Nf6 4. d4 d5 5. Nxe5 Bd7 6. exd5 Nxe5 7. Bxd7+ Nexd7
8. O-O Bd6 9. Nc3 O-O 10. Bg5 h6 11. Bh4 Be7 12. f4 Nb6 13. Qf3 Re8 14. Bxf6
Bxf6 15. Rfd1 Nxd5 16. Nxd5 c6 17. Nxf6+ Qxf6 18. c3 Rad8 19. Rd3 Rd5 20. Rad1
Rf5 21. Rf1 g5 22. Qg3 Kh7 23. Rdf3 Rg8 24. fxg5 Rgxg5 25. Rxf5 Qg6 26. Rxf7+
Kg8 27. Qb8# {Black checkmated} 1-0  aics%

[Event "Team 45 45 League T31"]
[Site "Internet Chess Club"]
[Date "2006.07.09"]
[Round "3"]
[White "thalamus"]
[Black "Cataclysm"]
[Result "1-0"]
[WhiteElo "1174"]
[BlackElo "1205"]
[TimeControl "2700+45"]

1. e4 e5 2. Bc4 Nf6 3. d3 c6 4. Nf3 d5 5. Bb3 Bd6 6. Nc3 O-O 7. Bg5 d4 8. Ne2
Bg4 9. Ng3 Nbd7 10. a3 Qa5+ 11. Bd2 Qd8 12. O-O Nc5 13. Nf5 Nxb3 14. cxb3 c5 15.
b4 Bxf5 16. exf5 h6 17. Nh4 Qc7 18. bxc5 Bxc5 19. Rc1 a5 20. b4 b6 21. bxc5 bxc5
22. Qc2 Rfc8 23. f4 exf4 24. Bxf4 Qc6 25. Qc4 Nd5 26. Bd2 Kh7 27. Rf3 Ra7 28.
Re1 Nb6 29. Qc1 Qf6 30. Rf4 Nd5 31. Rfe4 Ra6 32. Qc4 Nb6 33. Qxa6 Rc6 34. Qb7
Nd5 35. Bxa5 Ne3 36. Qa8 Ra6 37. Qb8 Nxf5 38. Nxf5 Rxa5 39. Ne7 h5 40. Qg8+ Kh6
41. Re5 Rxa3 42. Qh8# {Black checkmated} 1-0  aics%

[Event "Team 45 45 League T31"]
[Site "Internet Chess Club"]
[Date "2006.07.06"]
[Round "3"]
[White "Avedldesierto"]
[Black "HoHo"]
[Result "1/2-1/2"]
[WhiteElo "1728"]
[BlackElo "1711"]
[TimeControl "2700+45"]

1. e4 c5 2. Nf3 e6 3. d4 cxd4 4. Nxd4 Nf6 5. f3 d5 6. Bb5+ Bd7 7. Bg5 Bxb5 8.
Nxb5 Qb6 9. Bxf6 Qxb5 10. Bd4 Nc6 11. exd5 Qxd5 12. c3 Nxd4 13. Qxd4 Qxd4 14.
cxd4 Bb4+ 15. Nc3 Rc8 16. Rc1 Rc4 17. a3 Bxc3+ 18. Rxc3 Rxc3 19. bxc3 Ke7 20.
Kd2 Rd8 21. Rb1 b6 22. Kd3 Kf6 23. Ke4 Rc8 24. Rb3 Rc4 25. Kd3 Ra4 26. c4 Ra5
27. Ke4 Ke7 28. h4 Ra4 29. Kd3 Ra5 30. c5 bxc5 31. dxc5 Rxc5 32. Rb7+ Kf6 33.
Rxa7 Rc1 34. a4 Ra1 35. a5 Ra2 36. g4 Ra3+ 37. Ke4 Ra4+ 38. Ke3 Ra3+ 39. Kf2
Ra2+ 40. Kg3 h6 41. a6 Ra3 42. Ra8 e5 43. Kf2 Ra2+ 44. Ke3 Ra3+ 45. Ke4 Ra4+ 46.
Kd5 g5 47. h5 Ra3 48. a7 Ra6 49. Kc5 Kg7 50. Kb5 Ra1 51. Re8 Rxa7 52. Rxe5 Ra3
53. Rf5 Rd3 54. Kc6 Rd4 55. Kc5 Rf4 56. Rxf4 gxf4 57. Kd5 Kf6 58. Ke4 Kg5 59.
Ke5 f6+ 60. Ke6 Kh4 61. Kxf6 Kg3 62. g5 hxg5 63. h6 g4 64. h7 gxf3 65. h8=Q f2
66. Qg7+ Kf3 67. Qb7+ Ke2 68. Qe4+ Kf1 69. Qxf4 Kg1 70. Qe3 Kg2 71. Qe2 Kg1 72.
Qg4+ Kh1 73. Qh3+ Kg1 74. Qg3+ Kh1 75. Qd3 Kg1 76. Qe3 Kg2 77. Qe2 Kg1 78. Qe3
Kg2 {Game drawn by repetition} 1/2-1/2  aics%

[Event "Team 45 45 League T31"]
[Site "Internet Chess Club"]
[Date "2006.07.09"]
[Round "3"]
[White "Cotesita"]
[Black "kamu"]
[Result "0-1"]
[WhiteElo "1563"]
[BlackElo "1631"]
[TimeControl "2700+45"]

1. d4 d5 2. c4 e5 3. dxe5 d4 4. e4 Nc6 5. Nf3 Bg4 6. Bf4 Bb4+ 7. Bd2 Bxf3 8.
Qxf3 Bxd2+ 9. Nxd2 Nxe5 10. Qg3 Qf6 11. f4 Nc6 12. a3 O-O-O 13. Bd3 g6 14. O-O
Nge7 15. Rae1 Rdg8 16. Qh3+ Kb8 17. e5 Qe6 18. f5 gxf5 19. Bxf5 Nxf5 20. Qxf5
Qxf5 21. Rxf5 Re8 22. Nf3 Re7 23. Ng5 f6 24. Rxf6 Rxe5 25. Rxe5 Nxe5 26. Nxh7 d3
27. Ng5 d2 28. Rf1 Nxc4 29. Rd1 Re8 30. Kf2 Rd8 31. Ne4 Nxb2 32. Rxd2 Rxd2+ 33.
Nxd2 Nd3+ 34. Ke3 Ne5 35. h3 Kc8 36. Ke4 Nf7 37. g4 Kd7 38. Nc4 Ng5+ {White
resigns} 0-1  aics%

[Event "Team 45 45 League T31"]
[Site "Internet Chess Club"]
[Date "2006.07.09"]
[Round "3"]
[White "pflotus"]
[Black "AntonioMendonca"]
[Result "0-1"]
[WhiteElo "1489"]
[BlackElo "1512"]
[TimeControl "2700+45"]

1. d4 g6 2. c4 Bg7 3. Nc3 Nf6 4. e4 d6 5. f4 c5 6. d5 O-O 7. Nf3 Bd7 8. Be2 Qb6
9. O-O Na6 10. e5 Ng4 11. h3 Nh6 12. Qe1 Nf5 13. Kh1 Nb4 14. Qf2 Nc2 15. g4 Nxa1
16. gxf5 Bxf5 17. Qh4 Rfe8 18. Ng5 h6 19. Nxf7 Kxf7 20. e6+ Kg8 21. Bh5 Kh7 22.
Bg4 Bf6 23. Qg3 Nc2 24. Rg1 Rg8 25. b3 Nd4 26. Qe3 Qa5 27. Ne2 Qxa2 28. Ng3 Qxb3
29. Qxb3 Nxb3 30. Be3 a5 31. Nxf5 gxf5 32. Bxf5+ Kh8 {White resigns} 0-1  aics%

[Event "Team 45 45 League T31"]
[Site "Internet Chess Club"]
[Date "2006.07.08"]
[Round "3"]
[White "Zzasrix"]
[Black "BorgCollective"]
[Result "0-1"]
[WhiteElo "1581"]
[BlackElo "1863"]
[TimeControl "2700+45"]

1. c4 f5 2. d4 Nf6 3. Nc3 g6 4. Nf3 Bg7 5. g3 O-O 6. Bg2 Nc6 7. e3 d6 8. O-O e5
9. dxe5 dxe5 10. Qxd8 Rxd8 11. Rd1 Rxd1+ 12. Nxd1 e4 13. Nd4 Ne5 14. Bf1 a6 15.
Rb1 c5 16. Nb3 b6 17. Nc3 Be6 18. Na4 Rb8 19. Nd2 h5 20. a3 Bd7 21. Nc3 g5 22.
Kg2 Rd8 23. b3 Be8 24. Rb2 h4 25. Ndb1 Nf3 26. Nd2 Ng4 27. Rc2 Ne1+ {White
resigns} 0-1  aics%

[Event "Team 45 45 League T31"]
[Site "Internet Chess Club"]
[Date "2006.07.09"]
[Round "3"]
[White "smitty120"]
[Black "Bookkeeper"]
[Result "1-0"]
[WhiteElo "1766"]
[BlackElo "1516"]
[TimeControl "2700+45"]

1. e4 c5 2. Nf3 Nc6 3. d4 cxd4 4. Nxd4 Nf6 5. Nc3 d6 6. Bc4 g6 7. f3 Bg7 8. Be3
O-O 9. Qd2 Bd7 10. O-O-O Rc8 11. Bb3 Na5 12. Kb1 Nc4 13. Bxc4 Rxc4 14. g4 a6 15.
h4 Bc6 16. b3 Rxc3 17. Qxc3 Qd7 18. Qd2 Rc8 19. h5 b5 20. hxg6 fxg6 21. Bg5 Nxe4
22. fxe4 Bxe4 23. Rh2 Qxg4 24. Rh4 Qg2 25. Qxg2 Bxg2 26. Bxe7 d5 27. Ne6 Bc3 28.
Ng5 h5 29. Rh2 Be4 30. Nxe4 dxe4 31. Re2 a5 32. Rd8+ Rxd8 33. Bxd8 {Black
resigns} 1-0  aics%

[Event "Team 45 45 League T31"]
[Site "Internet Chess Club"]
[Date "2006.07.09"]
[Round "3"]
[White "LIVVI"]
[Black "BartL"]
[Result "0-1"]
[WhiteElo "1504"]
[BlackElo "1683"]
[TimeControl "2700+45"]

1. e4 e5 2. Nc3 Nf6 3. Bc4 Nc6 4. Nge2 Bc5 5. d3 h6 6. Nd5 O-O 7. Be3 Nd4 8. O-O
Ng4 9. h3 Nxe3 10. Nxe3 Qg5 11. Nxd4 Bxd4 12. Qg4 Qxg4 13. Nxg4 Bxb2 14. Rab1
Bd4 15. Rb3 Re8 16. Nh2 a6 17. c3 Bc5 18. Rbb1 b5 19. Bb3 Bb7 20. Nf3 Bb6 21.
Kh2 Kf8 22. Nd2 Rad8 23. a4 d5 24. axb5 dxe4 25. Nxe4 Rxd3 26. Bc4 Bxe4 27. Bxd3
Bxd3 28. bxa6 Bxf1 29. Rxf1 Ra8 30. Ra1 Bxf2 31. Ra2 Bb6 32. Kg3 Ke7 33. Kf3 Ke6
34. Ke4 Rd8 35. a7 Ra8 36. c4 Rxa7 37. Rxa7 Bxa7 38. g4 Bd4 39. h4 g6 40. h5 f5+
41. gxf5+ gxf5+ 42. Kf3 c5 43. Kg3 Kf6 44. Kh4 e4 45. Kg3 Kg5 46. Kg2 Kg4 47.
Kf1 Kf3 48. Ke1 e3 49. Kf1 e2+ 50. Ke1 Bc3# {White checkmated} 0-1  aics%

[Event "Team 45 45 League T31"]
[Site "Internet Chess Club"]
[Date "2006.07.08"]
[Round "3"]
[White "Tomate"]
[Black "houseofcook"]
[Result "1-0"]
[WhiteElo "1427"]
[BlackElo "1404"]
[TimeControl "2700+45"]

1. e4 e6 2. d4 d5 3. Nd2 Nf6 4. e5 Nfd7 5. Bd3 c5 6. c3 Nc6 7. Ne2 cxd4 8. cxd4
Nb4 9. Nf3 Nxd3+ 10. Qxd3 Be7 11. O-O O-O 12. Nf4 f6 13. Nxe6 Nxe5 14. Nxe5 Bxe6
15. Nf3 Qd7 16. Kh1 Bf5 17. Qb3 Rac8 18. Bd2 Rc4 19. Bc3 b6 20. Nd2 Rc7 21. a4
Bd3 22. Rfe1 Bc4 23. Nxc4 Rxc4 24. Qd1 Bb4 25. Qf3 Bxc3 26. bxc3 Rfc8 27. Rec1
Kh8 28. h3 Qc6 29. Re1 Rxc3 30. Qg4 Qd6 31. g3 h6 32. Kg2 Rd8 33. Re6 Qf8 34.
Rae1 Rc7 35. Qg6 Rf7 36. Qf5 Qg8 37. Qd3 Qh7 38. Qb5 g5 39. Re8+ Rxe8 40. Rxe8+
Kg7 41. Qxd5 Qg6 42. Qa8 Qh7 43. Qc6 h5 44. Qe6 Kh6 45. d5 Qg6 46. d6 f5 47.
Rh8+ Rh7 48. Rxh7+ Kxh7 49. Qxg6+ Kxg6 50. d7 {Black resigns} 1-0  aics%

[Event "Team 45 45 League T31"]
[Site "Internet Chess Club"]
[Date "2006.07.10"]
[Round "3"]
[White "BlindChess"]
[Black "Dalcon"]
[Result "1/2-1/2"]
[WhiteElo "1350"]
[BlackElo "1379"]
[TimeControl "2700+45"]

1. d4 Nf6 2. c4 g6 3. Nc3 Bg7 4. e4 d6 5. Nf3 Nbd7 6. Bd3 O-O 7. O-O Re8 8. Bg5
h6 9. Bh4 e5 10. Bg3 Nh5 11. d5 Nxg3 12. hxg3 Nc5 13. Ne1 Nxd3 14. Nxd3 c5 15.
Qd2 Bd7 16. f4 a6 17. fxe5 Bxe5 18. Nxe5 dxe5 19. Qxh6 Rf8 20. Kf2 Qf6+ 21. Ke3
Qg7 22. Rh1 Qxh6+ 23. Rxh6 Kg7 24. Rah1 Rh8 25. Rxh8 Rxh8 26. Rxh8 Kxh8 27. d6
Kg7 28. Nd5 Kf8 29. Nf6 Be6 30. g4 Bxc4 31. b3 Bb5 32. Kd2 Bc6 33. Kc3 b5 34. b4
c4 35. a4 bxa4 36. Kxc4 Bb5+ 37. Kc3 Bc6 38. Kb2 Bb5 39. Kc3 Bc6 40. Kc4 Bb5+
41. Kc3 Bc6 {Game drawn by repetition} 1/2-1/2  aics%

[Event "Team 45 45 League T31"]
[Site "Internet Chess Club"]
[Date "2006.07.07"]
[Round "3"]
[White "GLuft"]
[Black "EyeAm"]
[Result "0-1"]
[WhiteElo "1232"]
[BlackElo "1347"]
[TimeControl "2700+45"]

1. e4 e5 2. Nf3 Nf6 3. Qe2 Nc6 4. Nc3 d6 5. Nd5 Bg4 6. h3 Nd4 7. Qd3 Nxf3+ 8.
gxf3 Bd7 9. Qc3 c6 10. Nxf6+ Qxf6 11. Bg2 Be7 12. d3 O-O 13. Be3 d5 14. exd5
cxd5 15. f4 d4 16. Qc7 dxe3 17. fxe3 Bc6 18. Bxc6 bxc6 19. Qxe5 Rfe8 20. Qxf6
Bxf6 21. O-O-O Rxe3 22. Kd2 Rf3 23. Rdf1 Rxf1 24. Rxf1 Bxb2 25. c3 Ba3 26. Rb1
Kf8 27. d4 Bd6 28. Ke3 Rb8 29. Rb3 f5 30. Rxb8+ Bxb8 31. a4 a5 32. c4 Ke7 33. d5
Kd6 34. Kd4 Ba7+ 35. Kd3 cxd5 36. cxd5 Kxd5 37. h4 h5 {White resigns} 0-1  aics%

[Event "Team 45 45 League T31"]
[Site "Internet Chess Club"]
[Date "2006.07.09"]
[Round "3"]
[White "CDGuyHall"]
[Black "katabatico"]
[Result "0-1"]
[WhiteElo "1150"]
[BlackElo "1236"]
[TimeControl "2700+45"]

1. e4 e5 2. Nf3 Nc6 3. Bb5 Nd4 4. Bc4 Bc5 5. Nxe5 Qg5 6. Nf3 Qxg2 7. Nxd4 Qxh1+
8. Bf1 Bxd4 9. Qg4 Qxh2 10. d3 Qxf2+ 11. Kd1 Qxf1+ 12. Kd2 Qf2+ 13. Kd1 Qf1+ 14.
Kd2 d6 15. Qg5 Qf3 16. c3 Qf2+ 17. Kd1 Nf6 18. cxd4 Qxd4 19. Qxg7 Qxd3+ 20. Nd2
Bg4+ 21. Ke1 Qe2# {White checkmated} 0-1  aics%

[Event "Team 45 45 League T31"]
[Site "Internet Chess Club"]
[Date "2006.07.09"]
[Round "3"]
[White "cazj"]
[Black "fuzzface"]
[Result "1-0"]
[WhiteElo "1346"]
[BlackElo "1341"]
[TimeControl "2700+45"]

1. e4 c5 2. c3 Nc6 3. Nf3 d6 4. d4 b6 5. Bc4 Bg4 6. Bf4 a6 7. O-O Ra7 8. Qd3 h6
9. Nbd2 Qc8 10. Rfe1 b5 11. Bb3 c4 12. Nxc4 bxc4 13. Qxc4 Bxf3 14. Qxf7+ Kd7 15.
Be6+ Kd8 16. Bxc8 Kxc8 17. Qxf8+ Nd8 18. Qxg7 Bh5 19. Qxh8 e5 20. Bxh6 {Black
resigns} 1-0  aics%

[Event "Team 45 45 League T31"]
[Site "Internet Chess Club"]
[Date "2006.07.09"]
[Round "3"]
[White "klt713"]
[Black "markev"]
[Result "0-1"]
[WhiteElo "1246"]
[BlackElo "1355"]
[TimeControl "2700+45"]

1. d4 d5 2. c4 e6 3. Nc3 c5 4. Nf3 Nc6 5. cxd5 exd5 6. e3 a6 7. Be2 Nf6 8. O-O
Bd6 9. Re1 O-O 10. Bd3 Re8 11. Bd2 Bg4 12. Qc2 Bxf3 13. gxf3 Qc7 14. dxc5 Bxh2+
15. Kh1 Nb4 16. Qb1 Nxd3 17. Qxd3 Rad8 18. Qf1 Be5 19. b4 d4 20. exd4 Bxd4 21.
Rxe8+ Rxe8 22. Re1 Qc6 23. Rxe8+ Nxe8 24. Qg2 g6 25. Ne4 Qe6 26. Ng3 Qxa2 27.
Ne4 f5 28. Nc3 Qxd2 29. Kg1 Qxc3 30. f4 Qe1+ 31. Kh2 Qxb4 32. Qd5+ Kg7 33. Qd7+
Kf8 34. Qxh7 Bxc5 35. Qh8+ Ke7 36. Qe5+ Kd8 37. Kh3 Bxf2 {White forfeits on
time} 0-1  aics%

[Event "Team 45 45 League T31"]
[Site "Internet Chess Club"]
[Date "2006.07.09"]
[Round "3"]
[White "Midwest-Rook"]
[Black "ffplayer"]
[Result "1-0"]
[WhiteElo "1306"]
[BlackElo "1169"]
[TimeControl "2700+45"]

1. e4 e5 2. Bc4 Nf6 3. Nf3 Nc6 4. Ng5 d5 5. exd5 Na5 6. Bb5+ Bd7 7. Bxd7+ Qxd7
8. Nc3 Nxd5 9. Nxd5 Qxd5 10. Qf3 Qxf3 11. Nxf3 Nc6 12. O-O O-O-O 13. Ng5 Rd7 14.
d3 h6 15. Ne4 f5 16. Ng3 g6 17. h3 f4 18. Ne4 Be7 19. a3 g5 20. f3 Rf8 21. Bd2
Bd6 22. Nxd6+ cxd6 23. c3 Re8 24. b4 a6 25. a4 d5 26. b5 axb5 27. axb5 Nb8 28.
Rfe1 Kc7 29. c4 dxc4 30. Ba5+ b6 31. Bb4 cxd3 32. Ra7+ Kc8 33. Rc1+ Kd8 34. Ra8
Rb7 35. Rd1 Kc8 36. Rxd3 Rd7 37. Rc3+ Rc7 38. Rd3 Kb7 39. Ra1 Nd7 40. Bd6 Nc5
41. Rd5 Rcc8 42. Bxe5 Nb3 43. Rd7+ Rc7 44. Rxc7+ Kb8 45. Re7+ {Black resigns}
1-0  aics%

[Event "Team 45 45 League T31"]
[Site "Internet Chess Club"]
[Date "2006.07.07"]
[Round "3"]
[White "DayDream01"]
[Black "rpgrossman"]
[Result "0-1"]
[WhiteElo "1117"]
[BlackElo "1085"]
[TimeControl "2700+45"]

1. d4 Nf6 2. c4 c6 3. Nf3 g6 4. Nc3 Bg7 5. e4 O-O 6. Bg5 h6 7. Bh4 Qa5 8. Bd3 d5
9. e5 Ne4 10. Qb3 Nxc3 11. Bxe7 Ne4+ 12. Bb4 dxc4 13. Bxc4 Qb6 14. Bxf8 Bxf8 15.
O-O Bg4 16. Bxf7+ Kg7 17. Qxb6 axb6 18. Bb3 Bxf3 19. gxf3 Nd2 20. Rfe1 Nxf3+ 21.
Kf1 Nxd4 22. e6 Nf3 23. Re3 Nxh2+ 24. Kg2 Ng4 25. e7 Nxe3+ 26. fxe3 Bxe7 27. Rf1
Nd7 28. Rf7+ Kh8 29. Rxe7 Nc5 30. Bc2 Rxa2 31. Bxg6 Rxb2+ 32. Kf3 b5 33. Rh7+
Kg8 34. Rxh6 Kg7 35. Rh5 Kxg6 36. Rxc5 b4 37. e4 Kf6 38. Ke3 Ke6 39. Kd4 b3 40.
e5 Rc2 41. Ra5 b2 42. Ra2 b1=Q 43. Rxc2 Qxc2 {White resigns} 0-1  aics%

[Event "Team 45 45 League T31"]
[Site "Internet Chess Club"]
[Date "2006.07.10"]
[Round "3"]
[White "martineden"]
[Black "Zornorph"]
[Result "1-0"]
[WhiteElo "1981"]
[BlackElo "1932"]
[TimeControl "2700+45"]

1. d4 Nf6 2. c4 e5 3. dxe5 Ng4 4. Nf3 Bb4+ 5. Bd2 Bxd2+ 6. Qxd2 Nc6 7. e4 Ngxe5
8. Nxe5 Nxe5 9. f4 Nc6 10. Be2 d6 11. O-O O-O 12. Nc3 f5 13. Rae1 fxe4 14. Nxe4
Qh4 15. Qd5+ Kh8 16. Ng5 Nd8 17. Qe4 Nc6 18. g3 Bf5 19. Qxf5 Rxf5 20. gxh4 Ra5
21. a3 Nd4 22. Bd3 h6 23. Ne6 Nc6 24. Nxc7 Rf8 25. Re8 Rxe8 26. Nxe8 d5 27. cxd5
Rxd5 28. Be4 Rd7 29. Bxc6 bxc6 30. Rc1 Rd2 31. b4 Rd3 32. Rxc6 Rxa3 33. Rc7 Rb3
34. Rxa7 Rxb4 35. Nxg7 Rxf4 36. Nh5 Rg4+ 37. Kh1 Rg6 38. Ng3 Rg4 39. h5 Rh4 40.
Kg2 Kg8 41. Re7 Rf4 42. Kh3 Kh8 43. Re4 Rf2 44. Re2 Rf4 45. Kg2 Rf7 46. Rf2 Ra7
47. Rf6 Ra2+ 48. Kh3 Kh7 49. Rf7+ Kg8 50. Re7 Rf2 51. Re2 Rf4 52. Kg2 Kh7 53.
Rf2 Rh4 54. Kf3 Kh8 55. Re2 Ra4 56. Nf5 Ra3+ 57. Re3 Ra4 58. Nxh6 Rh4 59. Re8+
Kh7 60. Ng4 Kg7 61. h6+ Kg6 62. Kg3 Rh5 63. Re5 Rxe5 64. Nxe5+ Kxh6 65. Kg4 Kg7
66. Kh5 Kh7 67. h4 Kg7 68. Kg5 Kh7 69. h5 Kg7 70. Nd7 Kh7 71. h6 {Black resigns}
1-0  aics%

[Event "Team 45 45 League T31"]
[Site "Internet Chess Club"]
[Date "2006.07.09"]
[Round "3"]
[White "Katzie"]
[Black "Budzo"]
[Result "0-1"]
[WhiteElo "1805"]
[BlackElo "1774"]
[TimeControl "2700+45"]

1. e4 e6 2. d4 d5 3. exd5 exd5 4. c4 Bb4+ 5. Nc3 Ne7 6. Nf3 O-O 7. Bd3 dxc4 8.
Bxc4 Bg4 9. a3 Bxc3+ 10. bxc3 c6 11. O-O h6 12. h3 Bh5 13. Qd3 Bg6 14. Qe2 Re8
15. Re1 Nd7 16. Be3 Nf5 17. Qd2 Nxe3 18. fxe3 Be4 19. Rf1 Nb6 20. Qa2 Bd5 21.
Bxd5 Qxd5 22. Qxd5 Nxd5 23. Ne5 f6 {White resigns} 0-1  aics%

[Event "Team 45 45 League T31"]
[Site "Internet Chess Club"]
[Date "2006.07.08"]
[Round "3"]
[White "Ulrika"]
[Black "kabindra"]
[Result "0-1"]
[WhiteElo "1573"]
[BlackElo "1818"]
[TimeControl "2700+45"]

1. c4 Nf6 2. Nc3 e6 3. Nf3 d5 4. d4 Bb4 5. Qc2 h6 6. a3 Be7 7. Bf4 c6 8. e3 O-O
9. cxd5 exd5 10. Bd3 b5 11. b4 a5 12. O-O axb4 13. axb4 Rxa1 14. Rxa1 Na6 15.
Na2 Bxb4 16. Qxc6 Qa5 17. Qxb5 Qa3 18. Rb1 Qxa2 19. Rxb4 Nxb4 20. Qxb4 Ne4 21.
Bxe4 dxe4 22. Ne1 Ba6 23. h4 Qe2 24. f3 exf3 25. Nxf3 Rc8 26. Qe1 Qb2 27. Kh2
Bb7 28. Qg3 Qb6 29. Ne5 Rc2 30. Nf3 Qc6 31. Kh3 Qe6+ 32. Kh2 Kh7 33. Be5 f6 34.
Bf4 Qe4 35. h5 Qf5 36. Nh4 Qxh5 37. Qh3 Bc8 38. Qg3 g5 {White resigns} 0-1 
aics%

[Event "Team 45 45 League T31"]
[Site "Internet Chess Club"]
[Date "2006.07.06"]
[Round "3"]
[White "Two-DogMan"]
[Black "Spady"]
[Result "0-1"]
[WhiteElo "1308"]
[BlackElo "1600"]
[TimeControl "2700+45"]

1. e4 c5 2. Nf3 d6 3. c4 Nc6 4. Be2 g6 5. O-O Bg7 6. Nc3 Nf6 7. d3 O-O 8. Be3
Ng4 9. Bf4 Nge5 10. h3 Nxf3+ 11. Bxf3 Nd4 12. Rb1 a6 13. Nd5 b5 14. b3 Nxf3+ 15.
Qxf3 Be6 16. Qg3 Bxd5 17. cxd5 Qa5 18. e5 dxe5 19. Bxe5 Qxa2 20. Bxg7 Kxg7 21.
Qc7 Rfe8 22. Qxc5 Rac8 23. Qd4+ f6 24. b4 Qd2 25. Rfd1 Qc3 26. Qa7 Ra8 27. Qb7
Qc8 28. Qb6 Qd8 29. Qc6 Qd6 30. d4 Red8 31. Rdc1 Qxd5 32. Qxd5 Rxd5 33. Rd1 Rad8
34. Ra1 Rxd4 35. Rxd4 Rxd4 36. Rxa6 Rxb4 37. Ra7 Rb1+ 38. Kh2 Kf7 39. Rb7 f5 40.
Kg3 Kf6 41. Kf3 b4 42. Ke2 Rb2+ 43. Ke1 b3 44. Kd1 Rb1+ 45. Kd2 Rb2+ 46. Kc1
Rxf2 47. g3 Rf3 48. g4 Rxh3 49. gxf5 gxf5 50. Rb6+ e6 51. Rb4 h5 52. Kb2 Kg5 53.
Rb8 Rg3 54. Rg8+ Kf4 55. Rh8 Rh3 56. Rb8 e5 57. Rf8 e4 58. Re8 Rd3 59. Rh8 Kg4
60. Rg8+ Kh4 61. Rg2 e3 62. Re2 Rd2+ 63. Rxd2 exd2 {White resigns} 0-1  aics%

[Event "Team 45 45 League T31"]
[Site "Internet Chess Club"]
[Date "2006.07.10"]
[Round "3"]
[White "Boromir"]
[Black "fmvgvg"]
[Result "0-1"]
[WhiteElo "1896"]
[BlackElo "2023"]
[TimeControl "2700+45"]

1. e4 c6 2. d4 d5 3. Nc3 dxe4 4. Nxe4 Nd7 5. Bd3 Ngf6 6. Ng5 e6 7. N1f3 Bd6 8.
Qe2 h6 9. Ne4 Nxe4 10. Qxe4 Nf6 11. Qe2 O-O 12. Bd2 Qb6 13. O-O Qxb2 14. Rfb1
Qa3 15. Ne5 Qa4 16. c4 c5 17. g4 cxd4 18. g5 hxg5 19. Bxg5 Be7 20. Bxf6 Bxf6 21.
Qe4 Rd8 22. Ng4 Qc6 23. Qh7+ Kf8 24. Be4 Qc7 25. Nxf6 gxf6 26. Kh1 Qxc4 27. Rc1
Qe2 28. Rc7 Rd7 29. Rxd7 Bxd7 30. Qh8+ Ke7 31. Qxa8 Qxe4+ 32. Kg1 Qg4+ 33. Kf1
Bb5+ 34. Ke1 Qe2# {White checkmated} 0-1  aics%

[Event "Team 45 45 League T31"]
[Site "Internet Chess Club"]
[Date "2006.07.07"]
[Round "3"]
[White "chipionero"]
[Black "JohnnySP"]
[Result "1/2-1/2"]
[WhiteElo "1725"]
[BlackElo "1839"]
[TimeControl "2700+45"]

1. d4 Nf6 2. c4 g6 3. Nc3 d5 4. Nf3 Bg7 5. Qb3 dxc4 6. Qxc4 O-O 7. e4 Na6 8. Bf4
c5 9. dxc5 Qa5 10. Bd2 Qxc5 11. Qxc5 Nxc5 12. e5 Ng4 13. Nd5 e6 14. Ne7+ Kh8 15.
Nxc8 Raxc8 16. Bc3 Nd7 17. Bb5 Ndxe5 18. Nxe5 Nxe5 19. O-O a6 20. Ba4 Nd3 21.
Bxg7+ Kxg7 22. Bd1 Nxb2 23. Bf3 Rb8 24. Rfb1 Nd3 25. Rxb7 Rxb7 26. Bxb7 Nc5 27.
Bf3 Kf6 28. Rc1 Rc8 29. Bb7 Rc7 30. Bf3 Ke7 31. Kf1 f5 32. g3 e5 33. Bd5 h6 34.
Ke2 g5 35. f3 h5 36. Bb3 a5 37. h3 a4 38. Bxa4 Kd6 39. Rd1+ Ke6 40. Rc1 Kd6 41.
Rd1+ Ke6 42. Rc1 Kd6 {Game drawn by repetition} 1/2-1/2  aics%

[Event "Team 45 45 League T31"]
[Site "Internet Chess Club"]
[Date "2006.07.08"]
[Round "3"]
[White "MrShaw"]
[Black "egd01"]
[Result "0-1"]
[WhiteElo "1719"]
[BlackElo "1638"]
[TimeControl "2700+45"]

1. e4 c5 2. Nf3 d6 3. d4 cxd4 4. Nxd4 Nf6 5. Nc3 a6 6. Bc4 e6 7. Bb3 Nbd7 8. Bg5
Nc5 9. O-O Be7 10. Qe1 e5 11. Nf3 Nxb3 12. axb3 Bg4 13. Qe3 O-O 14. Bxf6 Bxf6
15. Nd5 Rc8 16. c4 Be6 17. Rfd1 Rc6 18. Rac1 Bxd5 19. Rxd5 Qc7 20. c5 Rc8 21. b4
Be7 22. Rcd1 a5 23. Nxe5 dxe5 24. Rd7 Rd8 25. Rxd8+ Bxd8 26. b5 Re6 27. Qd2 Re8
28. b6 Qxc5 29. Qxd8 Rxd8 30. Rxd8+ Qf8 31. Rxf8+ Kxf8 32. Kf1 Ke7 33. Ke2 Kd6
34. Kd3 Kc5 35. g3 Kxb6 36. f4 Kc5 37. fxe5 Kb4 38. Kd4 a4 39. e6 fxe6 40. Ke5
Kb3 41. Kxe6 Kxb2 42. Kf7 a3 43. e5 a2 44. e6 a1=Q 45. e7 Qe1 46. e8=Q Qxe8+ 47.
Kxe8 b5 48. g4 b4 49. g5 g6 50. Kf7 b3 51. Kg7 Kc3 52. Kxh7 b2 53. Kxg6 b1=Q+
54. Kf6 Qf1+ 55. Kg7 Qg2 56. h4 Qg4 57. g6 Qxh4 58. Kf7 Qf4+ 59. Ke7 Qe5+ 60.
Kf7 Qf5+ 61. Kg7 Kd4 62. Kh6 Ke5 63. Kh7 {White resigns} 0-1  aics%